Workbook
Name tdRepliesUniqueIdentifierCol_lnkRepliesUniqueIdentifierViewLink_0: CONCLUSIONES!#REF!
Name tdRepliesUniqueIdentifierCol_lnkRepliesUniqueIdentifierViewLink_1: CONCLUSIONES!#REF!
Name tdRepliesUniqueIdentifierCol_lnkRepliesUniqueIdentifierViewLink_10: CONCLUSIONES!#REF!
Name tdRepliesUniqueIdentifierCol_lnkRepliesUniqueIdentifierViewLink_11: CONCLUSIONES!#REF!
Name tdRepliesUniqueIdentifierCol_lnkRepliesUniqueIdentifierViewLink_12: CONCLUSIONES!#REF!
Name tdRepliesUniqueIdentifierCol_lnkRepliesUniqueIdentifierViewLink_13: CONCLUSIONES!$B$29
Name tdRepliesUniqueIdentifierCol_lnkRepliesUniqueIdentifierViewLink_14: CONCLUSIONES!$B$30
Name tdRepliesUniqueIdentifierCol_lnkRepliesUniqueIdentifierViewLink_15: CONCLUSIONES!$B$31
Name tdRepliesUniqueIdentifierCol_lnkRepliesUniqueIdentifierViewLink_16: CONCLUSIONES!$B$32
Name tdRepliesUniqueIdentifierCol_lnkRepliesUniqueIdentifierViewLink_17: CONCLUSIONES!$B$33
Name tdRepliesUniqueIdentifierCol_lnkRepliesUniqueIdentifierViewLink_18: CONCLUSIONES!$B$34
Name tdRepliesUniqueIdentifierCol_lnkRepliesUniqueIdentifierViewLink_19: CONCLUSIONES!$B$35
Name tdRepliesUniqueIdentifierCol_lnkRepliesUniqueIdentifierViewLink_2: CONCLUSIONES!#REF!
Name tdRepliesUniqueIdentifierCol_lnkRepliesUniqueIdentifierViewLink_20: CONCLUSIONES!$B$36
Name tdRepliesUniqueIdentifierCol_lnkRepliesUniqueIdentifierViewLink_21: CONCLUSIONES!$B$37
Name tdRepliesUniqueIdentifierCol_lnkRepliesUniqueIdentifierViewLink_3: CONCLUSIONES!#REF!
Name tdRepliesUniqueIdentifierCol_lnkRepliesUniqueIdentifierViewLink_4: CONCLUSIONES!#REF!
Name tdRepliesUniqueIdentifierCol_lnkRepliesUniqueIdentifierViewLink_5: CONCLUSIONES!#REF!
Name tdRepliesUniqueIdentifierCol_lnkRepliesUniqueIdentifierViewLink_6: CONCLUSIONES!#REF!
Name tdRepliesUniqueIdentifierCol_lnkRepliesUniqueIdentifierViewLink_7: CONCLUSIONES!#REF!
Name tdRepliesUniqueIdentifierCol_lnkRepliesUniqueIdentifierViewLink_8: CONCLUSIONES!#REF!
Name tdRepliesUniqueIdentifierCol_lnkRepliesUniqueIdentifierViewLink_9: CONCLUSIONES!#REF!

Sheet PORTADA
A2: OBJETO: | B2: REALIZAR LOS ESTUDIOS Y DISEÑOS PARA MODIFICACIÓN, AMPLIACIÓN Y MEJORAMIENTO DE TORRE DE CONTROL DEL AEROPUERTO DE BAHÍA SOLANO – CHOCÓ
A4: Obra constancia que después del cierre del proceso de selección de mínima cuantía No. 24001154 H3 el día 6 de agosto de 2024 a las 02:00 p.m., se procedió a la apertura de sobres y se publicaron las ofertas en la plataforma del SECOP II; además, se verificaron los documentos aportados por cada uno de los proponentes
A7: Para el presente proceso, se presentaron los siguientes proponentes:
A8: EL VALOR DE LA OFERTA EN EL FORMULARIO 1 PROPUESTA ECONOMICA Y EN EL SECOP II DEBE COINCIDIR Incluya el precio como lo indique la Entidad Estatal
A10: ORDEN | B10: PROPONENTE | C10: VALOR SECOP II | D10: EL VALOR DE LA OFERTA EN EL FORMULARIO 1 PROPUESTA ECONOMICA
A11: 1 | B11: CONYCO SAS | C11: 56739200 | D11: ='1. CONYCO SAS'!N22 -> 56739200
A12: 2 | B12: SOCIASS S.A.S | C12: 92791440 | D12: ='2. SOCIASS S.A.S'!$N$22 -> 92791440
A13: 3 | B13: ERNESTO SALDAÑA | C13: 65977200 | D13: ='3. ERNESTO SALDAÑA'!N22 -> 65977200
A14: 4 | B14: DAICONC SAS | C14: 55753404 | D14: ='4, DAICONC SAS'!N22 -> 58371404
A15: 5
A16: 6
A17: 7
A18: 8
A19: 9
A20: 10
A21: 11
A23: Propuestas que fueron el soporte para adelantar la respectiva evaluación por parte del comité técnico.
A24: RECURSOS FINANCIEROS Y PRESUPUESTO OFICIAL
A26: La Aeronáutica Civil, Regional Noroccidente cubrirá los costos de la contratación a realizar con recursos correspondiente a la vigencia fiscal de 2024, de
A27: conformidad con el certificado de disponibilidad presupuestal SIIF Nación No.1024 de fecha 3 de abril de 2024, por valor de $ 129.999.974,00

Sheet OFERENTES
A1: REQUISITOS TÉCNICOS
A2: DOCUMENTO | C2: =PORTADA!B11 -> CONYCO SAS | D2: =PORTADA!B12 -> SOCIASS S.A.S | E2: =PORTADA!B13 -> ERNESTO SALDAÑA | F2: =PORTADA!B14 -> DAICONC SAS
A3: NÚMERO DE PROPUESTA | C3: 1 | D3: 2 | E3: 3 | F3: 4
A4: 4.3.1. EXPERIENCIA ESPECÍFICA DEL PROPONENTE: Se considerará la experiencia mediante la presentación de hasta TRES (03) certificaciones de contratos o actas de liquidación suscritas por el contratante, que acrediten el cumplimiento del proponente en contratos celebrados con entidades públicas o privadas, que se encuentren ejecutados y terminados, que cumplan los siguientes requisitos: I. El objeto del contrato que se certifique o liquide deberá estar relacionado con “ESTUDIOS Y DISEÑOS PARA MODIFICACIÓN, AMPLIACIÓN Y MEJORAMIENTO DE TORRES DE CONTROL” II. Que la sumatoria de los valores de los contratos certificados o liquidados igualen o superen el presupuesto oficial de la presente contratación. | C4: NO CUMPLE. No presenta documentación de experiencia para ESTUDIOS Y DISEÑOS PARA MODIFICACIÓN, AMPLIACIÓN Y MEJORAMIENTO DE TORRES DE CONTROL | D4: NO CUMPLE. No presenta documentación de experiencia para ESTUDIOS Y DISEÑOS PARA MODIFICACIÓN, AMPLIACIÓN Y MEJORAMIENTO DE TORRES DE CONTROL | E4: NO CUMPLE. No presenta documentación de experiencia. | F4: NO CUMPLE. Presenta documentación de experiencia, pero no es de una Entidad estatal o privada que sea explitador aereo y tenga torre de control.
A8: PRESENTACIÓN DE LA OFERTA, (FORMULARIO No. 1) | C8: =PORTADA!C15 -> 0
A9: VALOR INGRESADO EN EL SECOP II | C9: =PORTADA!D15 -> 0
A11: Presupuesto oficial | B11: 99998080
A12: Presupuesto oficial (20%) | B12: =B11*0.3 -> 29999424

Sheet CONCLUSIONES
A1: UNIDAD ADMINISTRATIVA ESPECIAL DE AERONAUTICA CIVIL
A4: CONCLUSIONES Y RECOMENDACIONES | I4: Presupuesto oficial | J4: 99998080
I5: Presupuesto oficial (20%) | J5: =J4-J4*0.2 -> 79998464
A6: # DE OFERTA | B6: OFERENTE | C6: OBSERVACIÓN | G6: VALOR SECOP II
A7: 1 | B7: =PORTADA!B11 -> CONYCO SAS | C7: SE LE SOLICITA JUSTIFICAR SU OFERTA ARTIFICIALMENTE BAJA DE ACUERDO AL NUMERAL, 5.4 PRECIO ARTIFICIALMENTE BAJO SUSANAR EXPERIENCIA ESPECIFICA DEL PROPONENTE. | G7: ='1. CONYCO SAS'!N22 -> 56739200
A8: 2 | B8: =PORTADA!B12 -> SOCIASS S.A.S | C8: ANEXAR EXPERIENCIA ESPECIFICA DEL PROPONENTE. | G8: ='2. SOCIASS S.A.S'!$N$22 -> 92791440
A9: 3 | B9: =PORTADA!B13 -> ERNESTO SALDAÑA | C9: SE LE SOLICITA JUSTIFICAR SU OFERTA ARTIFICIALMENTE BAJA DE ACUERDO AL NUMERAL, 5.4 PRECIO ARTIFICIALMENTE BAJO ANEXAR EXPERIENCIA ESPECIFICA DEL PROPONENTE.ANEXAR EXPERIENCIA ESPECIFICA DEL PROPONENTE. | G9: ='3. ERNESTO SALDAÑA'!N22 -> 65977200
A10: 4 | B10: =PORTADA!B14 -> DAICONC SAS | C10: Presenta un Valor total de $55.753.409,00. SE REALIZO LO SIGUIENTE: 5.3. CORRECCIONES ARITMÉTICAS. La AEROCIVIL solo efectuará correcciones aritméticas originadas por: a. Las operaciones aritméticas a que haya lugar en la propuesta económica, cuando exista un error que surja de un cálculo meramente aritmético cuando la operación ha sido erróneamente realizada. Presenta un error al no sumar $2.200.000, por lo tanto se corrige el Valor Total es de $58.371.404,00. En el numeral 3.7. DE LA PRESENTACIÓN Y ENTREGA DE LAS PROPUESTAS. e. En caso de presentarse discrepancia entre el valor consignado en la plataforma del SECOP II y el formato No. 7 prevalecerá lo consignado en el formato No. 7. Los proponentes tendrán en cuenta que sus ofrecimientos tendrán un término de validez de 90 días o igual al de la vigencia de la póliza que garantiza la seriedad de la propuesta (cuando sea requerida). SUBSANAR. Presenta documentación de experiencia, pero no es de una Entidad estatal o privada que sea explotador aereo y tenga torre de control. Es necesario explicar el tipo de torre de control a la que se les certifica. Además: Para efectos de acreditación de experiencia entre particulares, el Proponente deberá aportar adicionalmente alguno de los documentos que se describen a continuación: Certificación de facturación expedida con posterioridad a la fecha de terminación del contrato emitida por el revisor fiscal o contador público del Proponente que acredita la experiencia, según corresponda, con la copia de la tarjeta profesional y certificado de antecedentes disciplinarios vigente, expedido por la Junta Central de Contadores, o los documentos equivalentes que hagan sus veces en el país donde se expide el documento del profesional. SE LE SOLICITA JUSTIFICAR SU OFERTA ARTIFICIALMENTE BAJA DE ACUERDO AL NUMERAL, 5.4 PRECIO ARTIFICIALMENTE BAJO. ANEXAR EXPERIENCIA ESPECIFICA DEL PROPONENTE. | G10: ='4, DAICONC SAS'!N22 -> 58371404
B17: El proponente No 1 CONYCO SAS, presenta una valor de la oferta de $56.739.200,00, debe justificar el precio artificialmente bajo debe presentar por escrito y en detalle justificación y aclaración de como ejecutará el objeto del contrato en las condiciones establecidas, con un precio que, según la metodología sugerida por Colombia Compra Eficiente y a criterio de la entidad, es artificialmente bajo.
B18: En el presente proceso se consideran ofertas con precios artificialmente bajos, lo exigido por Colombia Compra Eficiente presenta la siguiente metodología Cuando la Entidad Estatal recibe menos de 5 ofertas debe solicitar aclaración a los proponentes cuyas ofertas sean menores en un 20%, o un mayor porcentaje, al costo total estimado por la Entidad Estatal. .
B19: 5.1. CRITERIOS DE EVALUACIÓN Establecido el orden de los proponentes según el valor de su propuesta (desde la de menor precio a la de mayor precio), se procederá a la evaluación de los requisitos habilitantes y verificación del cumplimiento de las condiciones técnicas exigidas en la invitación, respecto del oferente que presente el precio más bajo, con base en los documentos aportados en su oferta, para lo cual se tendrán en cuenta las reglas de subsanabilidad establecidas en el artículo 5, parágrafo 1 de la Ley 1150 de 2007 y artículo 5 de la Ley 1882 de 2018. En el evento en que no se cumpla con alguno de los requisitos mínimos habilitantes, se le otorgará al oferente el término previsto en el cronograma de la invitación para que se proceda a subsanar la oferta o a presentar los documentos de aclaración que corresponda. En caso en que el oferente que haya presentado el menor precio no cumpla con los requisitos habilitantes y las condiciones técnicas exigidas en la Invitación, se procederá la verificación del proponente ubicado en el segundo lugar y así sucesivamente. Si al final no resulta algún oferente habilitado, se declarará desierto el proceso
B21: Cordialmente,
B25: Alvaro Hernán Restrepo Guzmán
B26: Profesional Aeronáutico II
B27: Aerocivil-Regional Noroccidente

Sheet Presupuesto Oficial
F2: FORMATO
F3: FORMULARIO 1 PRESUPUESTO OFICIAL
C4: Principio de Procedencia: 1201.092 | F4: Clave: GCON-1.0-12-112 | G4: Versión: 03 | L4: Fecha de aprobación: 28/12/2020 | N4: Página: 1 de 1
C6: OBJETO: 43200C1516 REALIZAR LOS ESTUDIOS Y DISEÑOS PARA MODIFICACIÓN, AMPLIACIÓN Y MEJORAMIENTO DE TORRE DE CONTROL DEL AEROPUERTO DE BAHÍA SOLANO - CHOCÓ.
C7: AEROPUERTO DE BAHIA SOLANO
C8: 1 | D8: PERSONAL MÍNIMO
C9: ÍTEM | D9: DESCRIPCIÓN | G9: CANTIDAD (1) | I9: DIK (3) | K9: F.M (5) | L9: SALARIO (4) | M9: TIEMPO (2) | N9: SUBTOTAL PERSONAL (5)
C10: 1.1 | D10: DIRECTOR DE ESTUDIOS Y DISEÑOS | G10: 1 | I10: 1 | K10: 2.12 | L10: 7500000 | M10: 2 | N10: =ROUND(+G10*I10*K10*L10*M10,0) -> 31800000
C11: 1.2 | D11: INGENIERO ESPECIALISTA EN ESTRUCTURAS | G11: 1 | I11: 0.5 | K11: 2.12 | L11: 7000000 | M11: 2 | N11: =ROUND(+G11*I11*K11*L11*M11,0) -> 14840000
C12: 1.3 | D12: ARQUITECTO | G12: 1 | I12: 0.5 | K12: 2.12 | L12: 5000000 | M12: 2 | N12: =ROUND(+G12*I12*K12*L12*M12,0) -> 10600000
D13: SUBTOTAL PERSONAL CONSULTORIA: | N13: =SUM(N10:N12) -> 57240000
C14: 2 | D14: OTROS COSTOS
C15: ÍTEM | D15: DESCRIPCIÓN | G15: UNIDAD | I15: CANTIDAD | L15: VALOR UNITARIO | N15: COSTO TOTAL
C16: 2,1, | D16: EQUIPO PARA DETERMINAR LA RESISTENCIA A COMPRESIÓN, INCLUYE RELLENO DE TALADROS CON MORTERO EPOXI, DE 150 MM DE DIÁMETRO | G16: UNIDAD | I16: 2 | L16: 1396000 | N16: =ROUND(+L16*I16,0) -> 2792000
C17: 2.2 | D17: COMISION TOPOGRAFIA CON ESTACION | G17: GLB | I17: 1 | L17: 4000000 | N17: =ROUND(+L17*I17,0) -> 4000000
C18: 2.3 | D18: ESTUDIO DE SUELOS - INCLUYE ENSAYOS DE LABORATORIO | G18: GLB | I18: 1 | L18: 4000000 | N18: =ROUND(+L18*I18,0) -> 4000000
C19: 2.4 | D19: TRANSPORTE DE PERSONAL, HERRAMIENTA Y EQUIPOS: de sitio en obra; Costos informes + memoria fotográfica + planos + papeleria,comunicaciones,Costos Equipos oficina y computación, elemento de proteccion personal (No es dotación), transporte, equipos a lugar, de acuerdo a desarrollo de la CONSULTORIA | G19: mes | I19: 1 | L19: 16000000 | N19: =ROUND(+L19*I19,0) -> 16000000
C20: COSTOS TOTALES | N20: =+N13+N19+N18+N17+N16 -> 84032000
C21: IVA | M21: 19% | N21: =ROUND((N20)*19/100,0) -> 15966080
C22: TOTAL AEROPUERTO | N22: =SUM(N20:N21) -> 99998080
C24: (1) Cantidad de profesionales mínimos requeridos para la ejecución del contrato de interventoría y /o consultoría.
C25: (2) Tiempo: Tiempo estimado para la ejecución del contrato de interventoría y /o consultoría.
C26: (3) Dedicación Media: Porcentaje promedio de dedicación de cada uno de los profesionales que se propone para la ejecución del contrato de interventoría y/o consultoría. El porcentaje máximo de 100% esta asignado a la persona que se dedicará de tiempo completo.
C27: (4) Salario : Pago mensual de los profesionales de la interventoría y/o consultoría. El contratista se obliga a pagar el salario presentado en la oferta, durante el tiempo de ejecución del contrato de interventoría y/o consultoría.
C28: (5) Factor multiplicador: Comprende las prestaciones sociales, horas extras, honorarios y demás gastos/costos indirectos y/o adicionales.
C29: (6)Subtotal personal: 1*2*3*4*5
C30: Nota: El Personal residente y d eseguridad de interventoria, debe residir en el lugar de la obra durante su ejecución, so pena de incurrir en falta grave a sus obligaciones, con la consecuente aplicación de las sanciones establecidas contractualmente; el director y el inspector, tendran su permanencia de acuerdo a la propuesta del oferente que como mínimo es en el porcentaje establecido en el presupuesto oficial
F32: FIRMA REPRESENTANTE LEGAL
F33: Nombre
F34: NIT
F35: Dirección
F36: Teléfonos, Fax
F37: Dirección Correo Electrónico
F38: Número Celular
F39: Ciudad

Sheet 1. CONYCO SAS
F2: FORMATO
F3: FORMULARIO 1 PRESUPUESTO OFICIAL
C4: Principio de Procedencia: 1201.092 | F4: Clave: GCON-1.0-12-112 | G4: Versión: 03 | L4: Fecha de aprobación: 28/12/2020 | N4: Página: 1 de 1
C6: OBJETO: 43200C1516 REALIZAR LOS ESTUDIOS Y DISEÑOS PARA MODIFICACIÓN, AMPLIACIÓN Y MEJORAMIENTO DE TORRE DE CONTROL DEL AEROPUERTO DE BAHÍA SOLANO - CHOCÓ.
C7: AEROPUERTO DE BAHIA SOLANO
C8: 1 | D8: PERSONAL MÍNIMO
C9: ÍTEM | D9: DESCRIPCIÓN | G9: CANTIDAD (1) | I9: DIK (3) | K9: F.M (5) | L9: SALARIO (4) | M9: TIEMPO (2) | N9: SUBTOTAL PERSONAL (5)
C10: 1.1 | D10: DIRECTOR DE ESTUDIOS Y DISEÑOS | G10: 1 | I10: 1 | K10: 2.12 | L10: 3500000 | M10: 2 | N10: =ROUND(+G10*I10*K10*L10*M10,0) -> 14840000
C11: 1.2 | D11: INGENIERO ESPECIALISTA EN ESTRUCTURAS | G11: 1 | I11: 0.5 | K11: 2.12 | L11: 3500000 | M11: 2 | N11: =ROUND(+G11*I11*K11*L11*M11,0) -> 7420000
C12: 1.3 | D12: ARQUITECTO | G12: 1 | I12: 0.5 | K12: 2.12 | L12: 3500000 | M12: 2 | N12: =ROUND(+G12*I12*K12*L12*M12,0) -> 7420000
D13: SUBTOTAL PERSONAL CONSULTORIA: | N13: =SUM(N10:N12) -> 29680000
C14: 2 | D14: OTROS COSTOS
C15: ÍTEM | D15: DESCRIPCIÓN | G15: UNIDAD | I15: CANTIDAD | L15: VALOR UNITARIO | N15: COSTO TOTAL
C16: 2,1, | D16: EQUIPO PARA DETERMINAR LA RESISTENCIA A COMPRESIÓN, INCLUYE RELLENO DE TALADROS CON MORTERO EPOXI, DE 150 MM DE DIÁMETRO | G16: UNIDAD | I16: 2 | L16: 1000000 | N16: =ROUND(+L16*I16,0) -> 2000000
C17: 2.2 | D17: COMISION TOPOGRAFIA CON ESTACION | G17: GLB | I17: 1 | L17: 3500000 | N17: =ROUND(+L17*I17,0) -> 3500000
C18: 2.3 | D18: ESTUDIO DE SUELOS - INCLUYE ENSAYOS DE LABORATORIO | G18: GLB | I18: 1 | L18: 3500000 | N18: =ROUND(+L18*I18,0) -> 3500000
C19: 2.4 | D19: TRANSPORTE DE PERSONAL, HERRAMIENTA Y EQUIPOS: de sitio en obra; Costos informes + memoria fotográfica + planos + papeleria,comunicaciones,Costos Equipos oficina y computación, elemento de proteccion personal (No es dotación), transporte, equipos a lugar, de acuerdo a desarrollo de la CONSULTORIA | G19: mes | I19: 1 | L19: 9000000 | N19: =ROUND(+L19*I19,0) -> 9000000
C20: COSTOS TOTALES | N20: =+N13+N19+N17+N16+N18 -> 47680000
C21: IVA | M21: 19% | N21: =ROUND((N20)*19/100,0) -> 9059200
C22: TOTAL AEROPUERTO | N22: =SUM(N20:N21) -> 56739200
C24: (1) Cantidad de profesionales mínimos requeridos para la ejecución del contrato de interventoría y /o consultoría.
C25: (2) Tiempo: Tiempo estimado para la ejecución del contrato de interventoría y /o consultoría.
C26: (3) Dedicación Media: Porcentaje promedio de dedicación de cada uno de los profesionales que se propone para la ejecución del contrato de interventoría y/o consultoría. El porcentaje máximo de 100% esta asignado a la persona que se dedicará de tiempo completo.
C27: (4) Salario : Pago mensual de los profesionales de la interventoría y/o consultoría. El contratista se obliga a pagar el salario presentado en la oferta, durante el tiempo de ejecución del contrato de interventoría y/o consultoría.
C28: (5) Factor multiplicador: Comprende las prestaciones sociales, horas extras, honorarios y demás gastos/costos indirectos y/o adicionales.
C29: (6)Subtotal personal: 1*2*3*4*5
C30: Nota: El Personal residente y d eseguridad de interventoria, debe residir en el lugar de la obra durante su ejecución, so pena de incurrir en falta grave a sus obligaciones, con la consecuente aplicación de las sanciones establecidas contractualmente; el director y el inspector, tendran su permanencia de acuerdo a la propuesta del oferente que como mínimo es en el porcentaje establecido en el presupuesto oficial
F32: FIRMA REPRESENTANTE LEGAL
F33: Nombre | L33: CONSULTORIA Y CONSTRUCCION CONYCO SAS
F34: NIT | L34: 900933647-3
F35: Dirección | L35: CRA 100B 47A90
F36: Teléfonos, Fax | L36: 3107179232
F37: Dirección Correo Electrónico | L37: conyco.sas@hotmail.com
F38: Número Celular | L38: 3107179232
F39: Ciudad | L39: MEDELLIN

Sheet 2. SOCIASS S.A.S
F2: FORMATO
F3: FORMULARIO 1 PRESUPUESTO OFICIAL
C4: Principio de Procedencia: 1201.092 | F4: Clave: GCON-1.0-12-112 | G4: Versión: 03 | L4: Fecha de aprobación: 28/12/2020 | N4: Página: 1 de 1
C6: OBJETO: 43200C1516 REALIZAR LOS ESTUDIOS Y DISEÑOS PARA MODIFICACIÓN, AMPLIACIÓN Y MEJORAMIENTO DE TORRE DE CONTROL DEL AEROPUERTO DE BAHÍA SOLANO - CHOCÓ.
C7: AEROPUERTO DE BAHIA SOLANO
C8: 1 | D8: PERSONAL MÍNIMO
C9: ÍTEM | D9: DESCRIPCIÓN | G9: CANTIDAD (1) | I9: DIK (3) | K9: F.M (5) | L9: SALARIO (4) | M9: TIEMPO (2) | N9: SUBTOTAL PERSONAL (5)
C10: 1.1 | D10: DIRECTOR DE ESTUDIOS Y DISEÑOS | G10: 1 | I10: 1 | K10: 2.12 | L10: 6800000 | M10: 2 | N10: =ROUND(+G10*I10*K10*L10*M10,0) -> 28832000
C11: 1.2 | D11: INGENIERO ESPECIALISTA EN ESTRUCTURAS | G11: 1 | I11: 0.5 | K11: 2.12 | L11: 6200000 | M11: 2 | N11: =ROUND(+G11*I11*K11*L11*M11,0) -> 13144000
C12: 1.3 | D12: ARQUITECTO | G12: 1 | I12: 0.5 | K12: 2.12 | L12: 5000000 | M12: 2 | N12: =ROUND(+G12*I12*K12*L12*M12,0) -> 10600000
D13: SUBTOTAL PERSONAL CONSULTORIA: | N13: =SUM(N10:N12) -> 52576000
C14: 2 | D14: OTROS COSTOS
C15: ÍTEM | D15: DESCRIPCIÓN | G15: UNIDAD | I15: CANTIDAD | L15: VALOR UNITARIO | N15: COSTO TOTAL
C16: 2,1, | D16: EQUIPO PARA DETERMINAR LA RESISTENCIA A COMPRESIÓN, INCLUYE RELLENO DE TALADROS CON MORTERO EPOXI, DE 150 MM DE DIÁMETRO | G16: UNIDAD | I16: 2 | L16: 1300000 | N16: =ROUND(+L16*I16,0) -> 2600000
C17: 2.2 | D17: COMISION TOPOGRAFIA CON ESTACION | G17: GLB | I17: 1 | L17: 4000000 | N17: =ROUND(+L17*I17,0) -> 4000000
C18: 2.3 | D18: ESTUDIO DE SUELOS - INCLUYE ENSAYOS DE LABORATORIO | G18: GLB | I18: 1 | L18: 4000000 | N18: =ROUND(+L18*I18,0) -> 4000000
C19: 2.4 | D19: TRANSPORTE DE PERSONAL, HERRAMIENTA Y EQUIPOS: de sitio en obra; Costos informes + memoria fotográfica + planos + papeleria,comunicaciones,Costos Equipos oficina y computación, elemento de proteccion personal (No es dotación), transporte, equipos a lugar, de acuerdo a desarrollo de la CONSULTORIA | G19: mes | I19: 1 | L19: 14800000 | N19: =ROUND(+L19*I19,0) -> 14800000
C20: COSTOS TOTALES | N20: =+N13+N19+N18+N17+N16 -> 77976000
C21: IVA | M21: 19% | N21: =ROUND((N20)*19/100,0) -> 14815440
C22: TOTAL AEROPUERTO | N22: =SUM(N20:N21) -> 92791440
C24: (1) Cantidad de profesionales mínimos requeridos para la ejecución del contrato de interventoría y /o consultoría.
C25: (2) Tiempo: Tiempo estimado para la ejecución del contrato de interventoría y /o consultoría.
C26: (3) Dedicación Media: Porcentaje promedio de dedicación de cada uno de los profesionales que se propone para la ejecución del contrato de interventoría y/o consultoría. El porcentaje máximo de 100% esta asignado a la persona que se dedicará de tiempo completo.
C27: (4) Salario : Pago mensual de los profesionales de la interventoría y/o consultoría. El contratista se obliga a pagar el salario presentado en la oferta, durante el tiempo de ejecución del contrato de interventoría y/o consultoría.
C28: (5) Factor multiplicador: Comprende las prestaciones sociales, horas extras, honorarios y demás gastos/costos indirectos y/o adicionales.
C29: (6)Subtotal personal: 1*2*3*4*5
C30: Nota: El Personal residente y d eseguridad de interventoria, debe residir en el lugar de la obra durante su ejecución, so pena de incurrir en falta grave a sus obligaciones, con la consecuente aplicación de las sanciones establecidas contractualmente; el director y el inspector, tendran su permanencia de acuerdo a la propuesta del oferente que como mínimo es en el porcentaje establecido en el presupuesto oficial
F32: FIRMA REPRESENTANTE LEGAL
F33: Nombre
F34: NIT
F35: Dirección
F36: Teléfonos, Fax
F37: Dirección Correo Electrónico
F38: Número Celular
F39: Ciudad

Sheet 3. ERNESTO SALDAÑA
F2: FORMATO
F3: FORMULARIO 1 PRESUPUESTO OFICIAL
C4: Principio de Procedencia: 1201.092 | F4: Clave: GCON-1.0-12-112 | G4: Versión: 03 | L4: Fecha de aprobación: 28/12/2020 | N4: Página: 1 de 1
C6: OBJETO: 43200C1516 REALIZAR LOS ESTUDIOS Y DISEÑOS PARA MODIFICACIÓN, AMPLIACIÓN Y MEJORAMIENTO DE TORRE DE CONTROL DEL AEROPUERTO DE BAHÍA SOLANO - CHOCÓ.
C7: AEROPUERTO DE BAHIA SOLANO
C8: 1 | D8: PERSONAL MÍNIMO
C9: ÍTEM | D9: DESCRIPCIÓN | G9: CANTIDAD (1) | I9: DIK (3) | K9: F.M (5) | L9: SALARIO (4) | M9: TIEMPO (2) | N9: SUBTOTAL PERSONAL (5)
C10: 1.1 | D10: DIRECTOR DE ESTUDIOS Y DISEÑOS | G10: 1 | I10: 1 | K10: 2.12 | L10: 2500000 | M10: 2 | N10: =ROUND(+G10*I10*K10*L10*M10,0) -> 10600000
C11: 1.2 | D11: INGENIERO ESPECIALISTA EN ESTRUCTURAS | G11: 1 | I11: 0.5 | K11: 2.12 | L11: 3000000 | M11: 2 | N11: =ROUND(+G11*I11*K11*L11*M11,0) -> 6360000
C12: 1.3 | D12: ARQUITECTO | G12: 1 | I12: 0.5 | K12: 2.12 | L12: 2800000 | M12: 2 | N12: =ROUND(+G12*I12*K12*L12*M12,0) -> 5936000
D13: SUBTOTAL PERSONAL CONSULTORIA: | N13: =SUM(N10:N12) -> 22896000
C14: 2 | D14: OTROS COSTOS
C15: ÍTEM | D15: DESCRIPCIÓN | G15: UNIDAD | I15: CANTIDAD | L15: VALOR UNITARIO | N15: COSTO TOTAL
C16: 2,1, | D16: EQUIPO PARA DETERMINAR LA RESISTENCIA A COMPRESIÓN, INCLUYE RELLENO DE TALADROS CON MORTERO EPOXI, DE 150 MM DE DIÁMETRO | G16: UNIDAD | I16: 2 | L16: 6000000 | N16: =ROUND(+L16*I16,0) -> 12000000
C17: 2.2 | D17: COMISION TOPOGRAFIA CON ESTACION | G17: GLB | I17: 1 | L17: 8047025.2 | N17: =ROUND(+L17*I17,0) -> 8047025
C18: 2.3 | D18: ESTUDIO DE SUELOS - INCLUYE ENSAYOS DE LABORATORIO | G18: GLB | I18: 1 | L18: 9000000 | N18: =ROUND(+L18*I18,0) -> 9000000
C19: 2.4 | D19: TRANSPORTE DE PERSONAL, HERRAMIENTA Y EQUIPOS: de sitio en obra; Costos informes + memoria fotográfica + planos + papeleria,comunicaciones,Costos Equipos oficina y computación, elemento de proteccion personal (No es dotación), transporte, equipos a lugar, de acuerdo a desarrollo de la CONSULTORIA | G19: mes | I19: 1 | L19: 3500000 | N19: =ROUND(+L19*I19,0) -> 3500000
C20: COSTOS TOTALES | N20: =+N13+N19+N17+N16+N18 -> 55443025
C21: IVA | M21: 19% | N21: =ROUND((N20)*19/100,0) -> 10534175
C22: TOTAL AEROPUERTO | N22: =SUM(N20:N21) -> 65977200
C24: (1) Cantidad de profesionales mínimos requeridos para la ejecución del contrato de interventoría y /o consultoría.
C25: (2) Tiempo: Tiempo estimado para la ejecución del contrato de interventoría y /o consultoría.
C26: (3) Dedicación Media: Porcentaje promedio de dedicación de cada uno de los profesionales que se propone para la ejecución del contrato de interventoría y/o consultoría. El porcentaje máximo de 100% esta asignado a la persona que se dedicará de tiempo completo.
C27: (4) Salario : Pago mensual de los profesionales de la interventoría y/o consultoría. El contratista se obliga a pagar el salario presentado en la oferta, durante el tiempo de ejecución del contrato de interventoría y/o consultoría.
C28: (5) Factor multiplicador: Comprende las prestaciones sociales, horas extras, honorarios y demás gastos/costos indirectos y/o adicionales.
C29: (6)Subtotal personal: 1*2*3*4*5
C30: Nota: El Personal residente y d eseguridad de interventoria, debe residir en el lugar de la obra durante su ejecución, so pena de incurrir en falta grave a sus obligaciones, con la consecuente aplicación de las sanciones establecidas contractualmente; el director y el inspector, tendran su permanencia de acuerdo a la propuesta del oferente que como mínimo es en el porcentaje establecido en el presupuesto oficial
F32: FIRMA REPRESENTANTE LEGAL
F33: Nombre | L33: Ernesto Enrique Saldaña Mora
F34: NIT | L34: 1053860240-4
F35: Dirección | L35: Calle 9 A # 1 - 84
F36: Teléfonos, Fax
F37: Dirección Correo Electrónico | L37: ersaldanamora@gmail.com
F38: Número Celular | L38: 3208345101
F39: Ciudad | L39: Mariquita - Tolima

Sheet 4, DAICONC SAS
F2: FORMATO
F3: FORMULARIO 1 PRESUPUESTO OFICIAL
C4: Principio de Procedencia: 1201.092 | F4: Clave: GCON-1.0-12-112 | G4: Versión: 03 | L4: Fecha de aprobación: 28/12/2020 | N4: Página: 1 de 1
C6: OBJETO: 43200C1516 REALIZAR LOS ESTUDIOS Y DISEÑOS PARA MODIFICACIÓN, AMPLIACIÓN Y MEJORAMIENTO DE TORRE DE CONTROL DEL AEROPUERTO DE BAHÍA SOLANO - CHOCÓ.
C7: AEROPUERTO DE BAHIA SOLANO
C8: 1 | D8: PERSONAL MÍNIMO
C9: ÍTEM | D9: DESCRIPCIÓN | G9: CANTIDAD (1) | I9: DIK (3) | K9: F.M (5) | L9: SALARIO (4) | M9: TIEMPO (2) | N9: SUBTOTAL PERSONAL (5)
C10: 1.1 | D10: DIRECTOR DE ESTUDIOS Y DISEÑOS | G10: 1 | I10: 1 | K10: 2.12 | L10: 3850000 | M10: 2 | N10: =ROUND(+G10*I10*K10*L10*M10,0) -> 16324000
C11: 1.2 | D11: INGENIERO ESPECIALISTA EN ESTRUCTURAS | G11: 1 | I11: 0.5 | K11: 2.12 | L11: 3850000 | M11: 2 | N11: =ROUND(+G11*I11*K11*L11*M11,0) -> 8162000
C12: 1.3 | D12: ARQUITECTO | G12: 1 | I12: 0.5 | K12: 2.12 | L12: 2750000 | M12: 2 | N12: =ROUND(+G12*I12*K12*L12*M12,0) -> 5830000
D13: SUBTOTAL PERSONAL CONSULTORIA: | N13: =SUM(N10:N12) -> 30316000
C14: 2 | D14: OTROS COSTOS
C15: ÍTEM | D15: DESCRIPCIÓN | G15: UNIDAD | I15: CANTIDAD | L15: VALOR UNITARIO | N15: COSTO TOTAL
C16: 2,1, | D16: EQUIPO PARA DETERMINAR LA RESISTENCIA A COMPRESIÓN, INCLUYE RELLENO DE TALADROS CON MORTERO EPOXI, DE 150 MM DE DIÁMETRO | G16: UNIDAD | I16: 2 | L16: 767800 | N16: =ROUND(+L16*I16,0) -> 1535600
C17: 2.2 | D17: COMISION TOPOGRAFIA CON ESTACION | G17: GLB | I17: 1 | L17: 2200000 | N17: =ROUND(+L17*I17,0) -> 2200000
C18: 2.3 | D18: ESTUDIO DE SUELOS - INCLUYE ENSAYOS DE LABORATORIO | G18: GLB | I18: 1 | L18: 2200000 | N18: =ROUND(+L18*I18,0) -> 2200000
C19: 2.4 | D19: TRANSPORTE DE PERSONAL, HERRAMIENTA Y EQUIPOS: de sitio en obra; Costos informes + memoria fotográfica + planos + papeleria,comunicaciones,Costos Equipos oficina y computación, elemento de proteccion personal (No es dotación), transporte, equipos a lugar, de acuerdo a desarrollo de la CONSULTORIA | G19: mes | I19: 1 | L19: 12800000 | N19: =ROUND(+L19*I19,0) -> 12800000
C20: COSTOS TOTALES | N20: =+N13+N19+N18+N16+N17 -> 49051600
C21: IVA | M21: 19% | N21: =ROUND((N20)*19/100,0) -> 9319804
C22: TOTAL AEROPUERTO | N22: =SUM(N20:N21) -> 58371404
C24: (1) Cantidad de profesionales mínimos requeridos para la ejecución del contrato de interventoría y /o consultoría.
C25: (2) Tiempo: Tiempo estimado para la ejecución del contrato de interventoría y /o consultoría.
C26: (3) Dedicación Media: Porcentaje promedio de dedicación de cada uno de los profesionales que se propone para la ejecución del contrato de interventoría y/o consultoría. El porcentaje máximo de 100% esta asignado a la persona que se dedicará de tiempo completo.
C27: (4) Salario : Pago mensual de los profesionales de la interventoría y/o consultoría. El contratista se obliga a pagar el salario presentado en la oferta, durante el tiempo de ejecución del contrato de interventoría y/o consultoría.
C28: (5) Factor multiplicador: Comprende las prestaciones sociales, horas extras, honorarios y demás gastos/costos indirectos y/o adicionales.
C29: (6)Subtotal personal: 1*2*3*4*5
C30: Nota: El Personal residente y d eseguridad de interventoria, debe residir en el lugar de la obra durante su ejecución, so pena de incurrir en falta grave a sus obligaciones, con la consecuente aplicación de las sanciones establecidas contractualmente; el director y el inspector, tendran su permanencia de acuerdo a la propuesta del oferente que como mínimo es en el porcentaje establecido en el presupuesto oficial
F32: FIRMA REPRESENTANTE LEGAL
F33: Nombre
F34: NIT
F35: Dirección
F36: Teléfonos, Fax
F37: Dirección Correo Electrónico
F38: Número Celular
F39: Ciudad

Sheet Hoja6
